 Dungeon Crawl Stone Soup version 0.23.0 (webtiles) character file.

Game seed: 2319189742490441816

9926 FreshCat the Basher (level 11, -5/68 HPs)
             Began as a Gargoyle Fighter on Feb 15, 2019.
             Was a Priest of the Shining One.
             Slain by a lindwurm (19 damage)
             ... summoned by Kirke
             ... on level 12 of the Dungeon on Feb 16, 2019.
             The game lasted 00:46:44 (9545 turns).

FreshCat the Basher (Gargoyle Fighter)              Turns: 9545, Time: 00:46:45

Health: -5/68      AC:  0    Str: 23    XL:     11   Next: 54%
Magic:  3/11       EV: 15    Int:  9    God:    the Shining One [***...]
Gold:   231        SH:  0    Dex:  9    Spells: 10/10 levels left

rFire    . . .     SeeInvis .   (weapon currently unavailable)
rCold    . . .     Gourm    .   (shield currently unavailable)
rNeg     + + .     Faith    .   (armour currently unavailable)
rPois    ∞         Spirit   .   (helmet currently unavailable)
rElec    .         Reflect  .   (cloak currently unavailable)
rCorr    .         Harm     .   (gloves currently unavailable)
MR       .....                  (boots currently unavailable)
Stlth    +.........             m - amulet of regeneration
HPRegen  0.61/turn              (ring currently unavailable)
MPRegen  0.12/turn              (ring currently unavailable)

@: pig-form, glowing, very quick
A: small, negative energy resistance 1, petrification resistance, rot immunity,
AC +8
a: Divine Shield, Renounce Religion


You were on level 12 of the Dungeon.
You worshipped the Shining One.
The Shining One was most pleased with you.
You were hungry.
You were a filthy swine.
You visited 2 branches of the dungeon, and saw 13 of its levels.
You visited 1 bazaar.

You collected 739 gold pieces.
You spent 508 gold pieces at shops.

Inventory:

Hand Weapons
 i - a +5 antimagic whip (melded)
 H - a cursed +7 flail
Missiles
 e - 4 tomahawks
 h - 275 stones
 C - 2 tomahawks of returning (quivered)
 E - 6 javelins of returning
Armour
 a - a +2 cloak (melded)
 c - a +0 shield (melded)
 j - a +0 pair of gloves (melded)
 s - a +2 helmet (melded)
 w - the -6 pair of boots of Grace (melded) {-Tele *Drain Int+6 Slay+5}
   (You found it on level 8 of the Dungeon)

   It affects your intelligence (+6).
   It affects your accuracy and damage with ranged weapons and melee attacks
   (+5).
   It prevents most forms of teleportation.
   It causes draining when unequipped.
 G - a +0 chain mail (melded)
Jewellery
 m - an amulet of regeneration (around neck)
Wands
 b - a wand of digging (4)
 D - a wand of iceblast (8)
Scrolls
 l - 5 scrolls of teleportation
 n - 4 scrolls of remove curse
 t - 6 scrolls of identify
 u - a scroll of fog
 y - 4 scrolls of amnesia
Potions
 d - 4 potions of might
 g - 4 potions of lignification
 k - 2 potions of resistance
 o - 5 potions of haste
 p - 3 potions of heal wounds
 q - 2 potions of brilliance
 r - 2 potions of flight
 x - a potion of ambrosia
 z - 2 potions of magic
 A - a potion of berserk rage
 B - a potion of agility
 F - 2 potions of curing
Miscellaneous
 v - a phantom mirror
Comestibles
 f - 22 rations


   Skills:
 + Level 8.1 Fighting
 + Level 11.0 Maces & Flails
 + Level 2.1 Throwing
 + Level 8.4 Armour
 + Level 4.0 Dodging
 + Level 1.2 Stealth
 + Level 9.9 Shields


You had 10 spell levels left.
You didn't know any spells.
Your spell library contained the following spells:

 Spells                   Type           Power        Failure   Level  Hunger
 Animate Skeleton         Necr           N/A          38%         1    ##.....
 Apportation              Tloc           #.....       38%         1    ##.....
 Confusing Touch          Hex            #.....       38%         1    ##.....
 Summon Small Mammal      Summ           #...         38%         1    ##.....


Dungeon Overview and Level Annotations

Branches:
Dungeon (12/15)            Temple (1/1) D:4            Lair (0/6) D:8
    Orc (0/2) D:11

Altars:
Ashenzari
Cheibriados
Dithmenos
Elyvilon
Fedhas
Gozag
Hepliaklqana
Kikubaaqudgha
Makhleb
Nemelex Xobeh
Okawaru
Qazlal
Ru
Sif Muna
Trog
Uskayaw
Vehumet
Wu Jian
Xom
Yredelemnul
Zin
The Shining One

Shops:
D:6 =   D:10 !   D:11 %[

Annotations:
D:12 Kirke


Innate Abilities, Weirdness & Mutations

You are resistant to torment.
((Your stone body is resilient. (AC +8)))
You are immune to poison.
You resist negative energy. (rN+)
((You are resistant to electric shocks. (rElec)))
((You can survive without breathing.))
You are immune to petrification.
You are immune to rotting.


Message History

You bite Kirke!
Kirke is almost dead.
You hit Kirke but do no damage.
Kirke is almost dead.
Kirke barely misses you. The lindwurm barely misses you.
The lindwurm misses you. The lindwurm claws you!
You bite Kirke!
Kirke is almost dead.
Kirke falters for a moment.
The lindwurm bites you! The lindwurm barely misses you.
The lindwurm closely misses you.
You hit Kirke.
Kirke is almost dead.
Kirke hits you. The lindwurm bites you!
* * * LOW HITPOINT WARNING * * *
The lindwurm misses you. The lindwurm claws you.
* * * LOW HITPOINT WARNING * * *
You bite Kirke!
Kirke is almost dead.
Kirke barely misses you. The lindwurm bites you!!
You die...

.. .......# ..
......# .. .....#
.. ....# .. ...
...# .. ... ..# ##
#.# #.# #.# #k#
#.# #h#
####.###########@#
.h.......h@.h..hh#
..........h....oh#
###.........?....#
#..............#
#..............#
.(..............#
.................#


You could see Kirke, a lindwurm, 3 hogs and an orc.

Vanquished Creatures
  A two-headed ogre (D:8)
  The ghost of Flugkiller the Transmogrifier, a novice FeTm of Fedhas (D:8)
  A cyclops (D:11)
  A gargoyle (D:11)
  9 yaks
  4 fire bats (D:10)
  A wyvern (D:10)
  A basilisk (D:8)
  3 hogs (D:12)
  Menkaure (D:6)
  A hell hound (D:10)
  Duvessa (D:4)
  5 orc warriors
  3 porcupines (D:8)
  A black bear (D:8)
  A phantom (D:3)
  2 sky beasts
  An ice beast (D:8)
  4 ogres
  3 wolves (D:8)
  3 centaurs
  3 crocodiles (D:8)
  7 bullfrogs
  A big kobold (D:9)
  Dowan (D:4)
  A water moccasin zombie (D:9)
  5 scorpions
  3 wights (D:11)
  A howler monkey (D:4)
  3 crimson imps
  A bullfrog zombie (D:6)
  2 lava snakes (D:10)
  A quasit (D:9)
  A gnoll shaman (D:7)
  2 centaur zombies
  3 hounds
  4 jellies
  2 bullfrog skeletons
  12 orc wizards
  4 orc priests
  A centaur skeleton (D:11)
  An iron imp (D:5)
  3 iguanas
  5 worker ants
  A hound zombie (D:6)
  2 worker ant zombies
  14 gnolls
  A howler monkey skeleton (D:5)
  10 adders
  2 shadow imps
  An ooze (D:4)
  3 adder skeletons
  An adder zombie (D:6)
  3 worms
  2 dart slugs
  4 leopard geckos
  43 orcs
  9 bats
  5 giant cockroaches
  11 goblins
  9 hobgoblins
  2 jackals (D:8)
  8 quokkas
  4 ball pythons
  8 frilled lizards
  A jackal zombie (D:5)
  16 kobolds
  12 rats
  2 fire vortices (D:10)
289 creatures vanquished.

Vanquished Creatures (others)
  A fire vortex (D:10)
1 creature vanquished.

Grand Total: 290 creatures vanquished

Notes
Turn   | Place    | Note
-------+----------+-------------------------------------------
     0 | D:1      | FreshCat the Gargoyle Fighter began the quest for the Orb.
     0 | D:1      | Reached XP level 1. HP: 14/14 MP: 1/1
   112 | D:1      | Reached XP level 2. HP: 19/19 MP: 2/2
   449 | D:1      | Reached XP level 3. HP: 22/23 MP: 3/3
  1586 | D:2      | Reached XP level 4. HP: 29/29 MP: 4/4
  1853 | D:2      | Found a white marble altar of Elyvilon.
  1854 | D:2      | Found an opulent altar of Gozag.
  1857 | D:2      | Found a stormy altar of Qazlal.
  1862 | D:2      | Found a glowing silver altar of Zin.
  2109 | D:3      | Reached skill level 1 in Dodging
  2131 | D:4      | Reached XP level 5. HP: 33/33 MP: 5/5
  2234 | D:3      | Reached skill level 3 in Maces & Flails
  2544 | D:3      | Reached XP level 6. HP: 35/38 MP: 6/6
  2635 | D:3      | Noticed a phantom
  2673 | D:3      | Killed a phantom
  2673 | D:3      | Reached skill level 5 in Shields
  2751 | D:3      | Found a faded altar of an unknown god.
  2858 | D:3      | Found a shadowy altar of Dithmenos.
  2860 | D:3      | Found a shimmering altar of Xom.
  2860 | D:3      | Found a burning altar of Makhleb.
  2862 | D:3      | Found a white marble altar of Elyvilon.
  2862 | D:3      | Found a stormy altar of Qazlal.
  2862 | D:3      | Found a stormy altar of Qazlal.
  2940 | D:3      | Reached skill level 4 in Maces & Flails
  3135 | D:4      | Reached XP level 7. HP: 35/43 MP: 2/7
  3178 | D:4      | Found a hazy altar of Hepliaklqana.
  3220 | D:5      | Entered Level 5 of the Dungeon
  3297 | D:4      | Noticed Duvessa
  3297 | D:4      | Noticed Dowan
  3332 | D:4      | Killed Duvessa
  3352 | D:4      | Killed Dowan
  3544 | D:4      | Found a staircase to the Ecumenical Temple.
  3558 | Temple   | Entered the Ecumenical Temple
  3685 | Temple   | Became a worshipper of the Shining One
  3997 | D:5      | Found a snail-covered altar of Cheibriados.
  4018 | D:5      | Reached skill level 5 in Maces & Flails
  4018 | D:5      | Reached XP level 8. HP: 43/48 MP: 2/8
  4207 | D:6      | Found Deiverou's Jewellery Emporium.
  4854 | D:6      | Reached skill level 1 in Throwing
  4854 | D:6      | Reached skill level 5 in Armour
  4957 | D:6      | Reached * piety under the Shining One
  4963 | D:6      | Reached skill level 5 in Fighting
  5009 | D:6      | Noticed Menkaure
  5026 | D:6      | Killed Menkaure
  5026 | D:6      | Reached skill level 6 in Maces & Flails
  5457 | D:7      | Reached XP level 9. HP: 54/54 MP: 3/9
  5757 | D:7      | Reached skill level 7 in Maces & Flails
  5849 | D:7      | Found a shadowy altar of Dithmenos.
  6099 | D:7      | You fall through a shaft!
  6099 | D:8      | Found a staircase to the Lair.
  6129 | D:8      | Reached skill level 1 in Stealth
  6165 | D:8      | Reached skill level 8 in Maces & Flails
  6226 | D:8      | Got a pair of dazzling boots
  6257 | D:8      | Reached XP level 10. HP: 48/63 MP: 3/10
  6268 | D:8      | Identified the -6 pair of boots of Grace {-Tele *Drain
                  | Int+6 Slay+5} (You found it on level 8 of the Dungeon)
  6409 | D:8      | Reached ** piety under the Shining One
  6616 | D:8      | Noticed Flugkiller's ghost (novice FeTm)
  6620 | D:8      | Found a runed translucent door.
  6623 | D:8      | Noticed a two-headed ogre
  6636 | D:8      | Killed a two-headed ogre
  6878 | D:7      | Reached skill level 9 in Maces & Flails
  7362 | D:8      | Killed Flugkiller's ghost
  7566 | D:10     | Entered Level 10 of the Dungeon
  7588 | D:9      | Reached skill level 10 in Maces & Flails
  7652 | D:10     | Found Uneov's Distillery.
  7669 | D:10     | Reached XP level 11. HP: 68/68 MP: 3/11
  7700 | D:10     | Bought a potion of heal wounds for 70 gold pieces
  7700 | D:10     | Bought a potion of berserk rage for 70 gold pieces
  7770 | D:10     | Bought a potion of haste for 140 gold pieces
  7770 | D:10     | Bought a potion of agility for 56 gold pieces
  7922 | D:10     | Reached *** piety under the Shining One
  8197 | D:9      | Found a sacrificial altar of Ru.
  8473 | D:11     | Found Zaexirr's Antique Armour Shoppe.
  8480 | D:11     | Found Taydur's Food Shop.
  8580 | D:11     | Noticed a cyclops
  8592 | D:11     | Killed a cyclops
  8688 | D:11     | Found a staircase to the Orcish Mines.
  8724 | D:11     | Found a flickering gateway to a bazaar.
  8734 | Bazaar   | Entered a bazaar
  8747 | Bazaar   | Found Igaw Sajad's Weapon Emporium.
  8747 | Bazaar   | Found Koruj's Book Emporium.
  8782 | Bazaar   | Found Orghel's Antique Armour Shoppe.
  8782 | Bazaar   | Found Qadijio's Armour Shoppe.
  8978 | D:11     | Bought a runed chain mail for 172 gold pieces
  9480 | D:12     | Noticed Kirke
  9483 | D:12     | Noticed a manticore
  9484 | D:12     | Noticed a sphinx
  9495 | D:12     | Noticed a manticore
  9529 | D:12     | Reached skill level 11 in Maces & Flails
  9541 | D:12     | Noticed a lindwurm
  9545 | D:12     | Slain by a lindwurm

Skill      XL: |  1  2  3  4  5  6  7  8  9 10 11 |
---------------+----------------------------------+-----
Shields        | 4 5 6 7 8 9 |  9.9
Armour         | 4 5 6 7 8 |  8.4
Dodging        | 1 2 3 4 |  4.0
Maces & Flails | 3 4 5 6 8 10 11 | 11.0
Fighting       | 4 5 7 8 |  8.1
Throwing       | 1 2 |  2.1
Stealth        | 1 |  1.2

Action                   |  1- 3 |  4- 6 |  7- 9 | 10-12 || total
-------------------------+-------+-------+-------+-------++-------
Melee: Flail             |   151 |   248 |       |       ||   399
       Whip              |       |    33 |   570 |   395 ||   998
       Unarmed           |       |       |       |     9 ||     9
Throw: Stone             |    20 |    12 |    39 |     6 ||    77
       Tomahawk          |       |       |       |     6 ||     6
  Use: Scroll            |     3 |     6 |     5 |     7 ||    21
  Eat: Chunk             |     2 |     6 |    10 |    11 ||    29
Armor: Scale mail        |    87 |   171 |   196 |    98 ||   552
       Chain mail        |       |       |       |    38 ||    38
Dodge: Dodged            |    65 |   118 |   125 |   122 ||   430
Block: Shield            |    88 |   173 |   239 |   159 ||   659
